 Dungeon Crawl Stone Soup version 0.28-a0-664-gc179e30c89 (webtiles) character file.

Game seed: 541140879909150590

35 Irenicus the Digger (level 3, 25/28 HPs)
             Began as a Deep Dwarf Earth Elementalist on Oct 15, 2021.
             Quit the game on level 2 of the Dungeon.
             The game lasted 00:04:05 (597 turns).

Irenicus the Digger (Deep Dwarf Earth Elementalist)  Turns: 597, Time: 00:04:05

Health: 25/28      AC:  2    Str: 11    XL:     3   Next: 16%
Magic:  0/4        EV: 12    Int: 16    God:
Gold:   26         SH:  0    Dex: 13    Spells: 2/5 levels left

rFire   . . .      SeeInvis .   a - +0 dagger
rCold   . . .      Faith    .   (no shield)
rNeg    . . .      Spirit   .   b - +0 robe
rPois   .          Reflect  .   (no helmet)
rElec   .          Harm     .   (no cloak)
rCorr   .          Rampage  .   (no gloves)
Will    .....                   (no boots)
Stlth   ++........              (no amulet)
HPRegen 0.00/turn               (no ring)
MPRegen 0.09/turn               (no ring)

@: no status effects
A: damage resistance, heal wounds, sense surroundings 1, no regeneration
a: Heal Wounds


You were on level 2 of the Dungeon.
You visited 1 branch of the dungeon, and saw 2 of its levels.

You collected 26 gold pieces.


Innate Abilities, Weirdness & Mutations

You are resistant to damage.
You can heal yourself by infusing magical energy.
You passively map a small area around you.
You do not regenerate.


   Skills:
 - Level 2.1 Dodging
 - Level 2.4 Stealth
 - Level 1.7 Spellcasting
 - Level 0.8 Transmutations
 + Level 5.8 Earth Magic


You had 2 spell levels left.
You knew the following spells:

 Your Spells              Type           Power      Damage    Failure   Level
w - Passwall              Tmut/Erth      10%        N/A       9%          2
z - Sandblast             Erth           38%        2d10      1%          1

Your spell library contained the following spells:

 Spells                   Type           Power      Damage    Failure   Level
 Stone Arrow              Conj/Erth      20%        3d8       19%         3
 Petrify                  Tmut/Erth      12%        N/A       47%         4

Inventory:

Hand Weapons
 a - a +0 dagger (weapon)
Missiles
 c - 58 stones
Armour
 b - a +0 robe (worn)
Scrolls
 e - 2 scrolls of immolation {unknown}

Dungeon Overview and Level Annotations

Branches:
Dungeon (2/15)

Altars:

Shops:
D:1 !   D:2 =

Annotations:
D:2 Robin

* *
)######
*##)......
, *
#Jg...# ,
*#g# , ,
#g# ,*#g#
* *#g# **
* #o# , ,
, , #@# *
, , #g# *
#.# ,* , ,
* #.# ,
#.# ,* **
* #.# , ,
#.#####* *
#.....# *
, #####.#
*## ,


You could see Robin, an orc, an endoplasm, 2 hobgoblins and 3 goblins.


Message History

The blast of sand hits the orc but does no damage.
The goblin hits you with a +0 dagger.
The orc hits you with a +2 vorpal flail!
* * * LOW HITPOINT WARNING * * *
It was a potion of curing.
You feel better. The goblin hits you with a +0 dagger.
The orc barely misses you.
You hit the goblin.
The goblin is severely wounded.
The goblin no longer looks unusually strong.
The goblin hits you with a +0 dagger.
* * * LOW HITPOINT WARNING * * *
The orc hits you with a +2 vorpal flail.
* * * LOW HITPOINT WARNING * * *
You hit the goblin.
You kill the goblin!
Robin roars a battlecry!
The goblin goes into a battle-frenzy!
The orc hits you with a +2 vorpal flail.
* * * LOW HITPOINT WARNING * * *
Use which ability? (? or * to list)
You fail to use your ability.
Robin throws the goblin at you! The orc misses you.
The goblin closely misses you.
Use which ability? (? or * to list)
Your magical essence is drained by the effort!
You feel much better.
The hobgoblin no longer looks unusually strong.
The goblin no longer looks unusually strong.
The orc barely misses you. The goblin hits you with a +0 club.
Are you sure you want to abandon this character and quit the game? (Confirm with "yes".)

Skill      XL: |  1  2 |
---------------+-------+-----
Earth Magic    | 5 |  5.8
Dodging        | |  2.1
Stealth        | |  2.4
Spellcasting   | |  1.7
Transmutations | |  0.8

Action                   || total
-------------------------++-------
Melee: Unarmed           ||     9
       Dagger            ||    26
 Cast: Sandblast         ||    30
       Passwall          ||     1
 Abil: Heal Wounds       ||     1
  Use: Potion            ||     1
 Stab: Sleeping          ||     1
Armor: Robe              ||    17
Dodge: Dodged            ||    36

Levels and vault maps discovered:
D:1:      dpeg_arrival_water_temple_mockup, layout_basic,
          shapermc_ecumenical_altar_mp_vishouse, serial_shops,
          nicolae_shop_waterfront
D:2:      layout_basic, serial_shops, shop, uniq_sigmund, uniq_robin

Notes
Turn   | Place    | Note
-------+----------+-------------------------------------------
     0 | D:1      | Irenicus the Deep Dwarf Earth Elementalist began the quest
                  | for the Orb.
     0 | D:1      | Reached XP level 1. HP: 15/15 MP: 3/3
   112 | D:1      | Found a faded altar of an unknown god.
   188 | D:1      | Reached XP level 2. HP: 19/22 MP: 0/4
   280 | D:1      | Reached skill level 5 in Earth Magic
   352 | D:1      | Found Noarao Enahu's Distillery.
   358 | D:1      | Learned a level 2 spell: Passwall
   468 | D:1      | Reached XP level 3. HP: 24/28 MP: 0/5
   538 | D:2      | Found Udwial's Jewellery Emporium.
   578 | D:2      | Noticed Robin
   597 | D:2      | Quit the game

Vanquished Creatures
  2 endoplasms (D:1)
  3 giant cockroaches (D:1)
  8 goblins
  A hobgoblin (D:1)
  2 quokkas (D:1)
  5 ball pythons (D:1)
  2 bats (D:1)
  A frilled lizard (D:1)
  3 kobolds (D:1)
  5 rats (D:1)
32 creatures vanquished.

Table legend: (Time is in decaauts)
 A = Elapsed time spent in this place.
 B = Non-inter-level travel time spent in this place.
 C = Inter-level travel time spent in this place.
 D = Time resting spent in this place.
 E = Time spent auto-exploring this place.
 F = Levels seen in this place.
 G = Mean time per level.
                   A        B        C        D        E       F      G
               +--------+--------+--------+--------+--------+-----+--------+
         Total |    596 |    596 |      0 |      0 |      0 |   2 |  298.0 |
       Dungeon |    596 |    596 |      0 |      0 |      0 |   2 |  298.0 |
               +--------+--------+--------+--------+--------+-----+--------+

Top non-repeatable levels by time:
     D:1: 499 daAuts
     D:2: 96 daAuts

Table legend:
 A = Non-vault XP
 B = Vault XP
 C = Vault XP percentage of total XP
 D = Non-vault monster count
 E = Vault monster count
 F = Vault count percentage of total count
                 A         B        C        D         E       F
            +---------+---------+-------+---------+---------+-------
      Total |      42 |       8 |  16.0 |      27 |       5 |  15.6
            +---------+---------+-------+---------+---------+-------
        D:1 |      42 |       0 |   0.0 |      27 |       0 |   0.0
        D:2 |       0 |       8 | 100.0 |       0 |       5 | 100.0
            +---------+---------+-------+---------+---------+-------
